 Dungeon Crawl Stone Soup version 0.24.0-13-gcf9b3192b9 (webtiles) character file.

Game seed: 16542418965899034610, levelgen mode: deterministic

246 Aviak the Skirmisher (level 5, -1/48 HPs)
             Began as a Minotaur Fighter on Nov 9, 2019.
             Succumbed to a scorpion's poison
             ... on level 4 of the Dungeon.
             The game lasted 00:01:54 (2491 turns).

Aviak the Skirmisher (Minotaur Fighter)             Turns: 2491, Time: 00:01:55

Health: -1/48      AC:  7    Str: 22    XL:     5   Next: 84%
Magic:  4/4        EV:  7    Int:  5    God:
Gold:   160        SH: 10    Dex:  9    Spells: 4/4 levels left

rFire    + . .     SeeInvis .   a - +0 war axe
rCold    . . .     Gourm    .   i - +0 shield (curse)
rNeg     . . .     Faith    .   b - +0 scale mail
rPois    .         Spirit   .   (helmet restricted)
rElec    .         Reflect  .   (no cloak)
rCorr    .         Harm     .   (no gloves)
MR       .....                  (no boots)
Stlth    ..........             u - amulet of the acrobat
HPRegen  0.16/turn              F - ring of protection from fire
MPRegen  0.09/turn              (no ring)

@: lethally poisoned (-1 -> -20)
A: retaliatory headbutt, horns 2
a: no special abilities


You were on level 4 of the Dungeon.
You were not hungry.

You visited 1 branch of the dungeon, and saw 4 of its levels.

You collected 160 gold pieces.

Inventory:

Hand Weapons
 a - a +0 war axe (weapon)
Armour
 b - a +0 scale mail (worn)
 i - a cursed +0 shield (worn)
Jewellery
 u - an amulet of the acrobat (around neck)
 F - a ring of protection from fire (left hand)
Scrolls
 g - 2 scrolls of blinking {unknown}
 h - 5 scrolls of teleportation {unknown}
 j - 2 scrolls of enchant armour {unknown}
 k - 7 scrolls of remove curse {unknown}
 l - 4 scrolls of identify {unknown}
 q - a scroll of immolation {unknown}
Potions
 c - a potion of resistance {unknown}
 d - 2 potions of might
 e - 2 potions of degeneration {unknown}
 m - a potion of heal wounds {unknown}
 n - 2 potions of curing {unknown}
 o - 3 potions of haste {unknown}
 r - 2 potions of brilliance {unknown}
 t - a potion of mutation {unknown}
Comestibles
 f - 8 rations
 p - 3 chunks of flesh


   Skills:
 + Level 5.1 Fighting
 + Level 4.2 Axes
 + Level 5.0 Armour
 + Level 5.0 Shields


You had 4 spell levels left.
You didn't know any spells.
Your spell library contained the following spells:

 Spells                   Type           Power        Failure   Level  Hunger
 Magic Dart               Conj           #...         99%         1    ##.....
 Blink                    Tloc           N/A          100%        2    ###....
 Call Imp                 Summ           #.......     100%        2    ###....
 Slow                     Hex            #.......     100%        2    ###....
 Conjure Flame            Conj/Fire      #.......     100%        3    ####...
 Mephitic Cloud           Conj/Pois/Air  #.......     100%        3    ####...


Dungeon Overview and Level Annotations

Branches:
Dungeon (4/15)
 Temple: D:4-7

Altars:
Trog


Innate Abilities, Weirdness & Mutations

You reflexively headbutt those who attack you in melee.
You have a pair of horns on your head.


Message History

The scorpion is almost dead.
* * * LOW HITPOINT WARNING * * *
You feel sick. The scorpion stings you.
* * * LOW HITPOINT WARNING * * *
The scorpion stings you.
* * * LOW HITPOINT WARNING * * *
You are more poisoned.
The scorpion poisons you!
You hit the scorpion but do no damage.
The scorpion is almost dead.
* * * LOW HITPOINT WARNING * * *
You feel very sick. The scorpion barely misses you. You furiously retaliate!
You headbutt the scorpion.
You kill the scorpion!
Your Fighting skill increases to level 5!
Your Armour skill increases to level 5!
Your Shields skill increases to level 5!
You miss the adder. Your headbutt misses the adder.
You die...

##### ####......
###############.@S......
#..........#....##......
#...[......#.#### .....
#............# ....
#..........### ...
#..........# ..
######..#### . ##.# #.##


You could see an adder.

Vanquished Creatures
  A scorpion (D:4)
  An orc priest (D:4)
  An orc wizard (D:4)
  4 adders
  3 gnolls (D:3)
  3 worms
  3 leopard geckos
  2 orcs (D:4)
  4 giant cockroaches (D:1)
  8 goblins
  4 hobgoblins
  9 jackals
  3 kobolds
  3 ball pythons
  5 bats
  4 frilled lizards (D:1)
  10 rats
68 creatures vanquished.

Notes
Turn   | Place    | Note
-------+----------+-------------------------------------------
     0 | D:1      | Aviak the Minotaur Fighter began the quest for the Orb.
     0 | D:1      | Reached XP level 1. HP: 19/19 MP: 0/0
    70 | D:1      | Reached XP level 2. HP: 27/27 MP: 1/1
   398 | D:1      | Reached XP level 3. HP: 32/33 MP: 2/2
   763 | D:2      | Found a faded altar of an unknown god.
  1072 | D:2      | Noticed a moth of wrath
  1075 | D:2      | Found a bloodstained altar of Trog.
  1450 | D:3      | Reached XP level 4. HP: 29/41 MP: 3/3
  2298 | D:4      | Found a bloodstained altar of Trog.
  2335 | D:4      | Reached XP level 5. HP: 47/47 MP: 4/4
  2490 | D:4      | HP: 1/47 [poisoned by a scorpion]
  2490 | D:4      | Reached skill level 5 in Fighting
  2490 | D:4      | Reached skill level 5 in Armour
  2490 | D:4      | Reached skill level 5 in Shields
  2491 | D:4      | Succumbed to a scorpion's poison

Levels and vault maps discovered:
D:1:      dpeg_arrival_water_temple_mockup, layout_loops_ring, st_stairs_11
D:2:      layout_basic, chequers_ecumenical_altar_simple_redux, tgw_trog
D:3:      layout_basic, first_ration, minmay_misc_feat_nine_boxes
D:4:      cheibrodos_greedy_goblins, layout_rooms, marbit_many_paths,
          kennysheep_mini

Skill      XL: |  1  2  3  4  5 |
---------------+----------------+-----
Armour         | 4 5 |  5.0
Fighting       | 4 5 |  5.1
Shields        | 4 5 |  5.0
Axes           | 3 4 |  4.2

Action                   |  1- 3 |  4- 6 || total
-------------------------+-------+-------++-------
Melee: War axe           |   102 |    94 ||   196
       Headbutt          |     9 |    17 ||    26
  Eat: Chunk             |     1 |     4 ||     5
Armor: Scale mail        |    40 |    35 ||    75
Dodge: Dodged            |    36 |    31 ||    67
Block: Shield            |    53 |    40 ||    93
